 Dungeon Crawl Stone Soup version 0.28-a0-991-g956f0ee3d5 (webtiles) character file.

Game seed: 5456259091046342250

2032 Majang the Chopper (level 9, -8/75 HPs)
             Began as a Ghoul Gladiator on Dec 5, 2021.
             Was an Initiate of Gozag.
             Mangled by an orc warrior (18 damage)
             ... on level 7 of the Dungeon.
             The game lasted 00:19:42 (5730 turns).

Majang the Chopper (Ghoul Gladiator)                Turns: 5730, Time: 00:19:43

Health: -8/75      AC: 14    Str: 28    XL:     9   Next: 24%
Magic:  8/8        EV:  8    Int:  3    God:    Gozag
Gold:   347        SH:  0    Dex: 10    Spells: 8/8 levels left

rFire   . . .      SeeInvis .   a - +2 war axe (freeze)
rCold   + . .      Faith    .   (no shield)
rNeg    + + +      Spirit   .   y - +0 plate armour
rPois   ∞          Reflect  .   c - +0 helmet
rElec   .          Harm     .   (no cloak)
rCorr   .          Rampage  .   k - +1 pair of gloves {hurl}
Will    +....                   (no boots)
Stlth   ..........              p - amulet of regeneration
HPRegen 0.00/turn               f - +6 ring of strength
MPRegen 0.11/turn               i - ring of willpower

@: gold aura, inhibited regen
A: claws 1, cold resistance 1, negative energy resistance 3, inhibited
regeneration, torment resistance 2
a: Renounce Religion, Potion Petition, Call Merchant, Bribe Branch


You were on level 7 of the Dungeon.
You worshipped Gozag.
Gozag was aware of your devotion.
You visited 2 branches of the dungeon, and saw 8 of its levels.

You collected 2182 gold pieces.
You spent 1835 gold pieces at shops.

Inventory:

Hand Weapons
 a - a +2 war axe of freezing (weapon)
 b - a +4 vorpal flail
 B - a +0 war axe
Missiles
 d - 2 throwing nets (quivered)
Armour
 c - a +0 helmet (worn)
 k - a +1 pair of gloves of hurling (worn)
 y - a +0 plate armour (worn)
Jewellery
 f - a +6 ring of strength (left hand)
 i - a ring of willpower (right hand)
 p - an amulet of regeneration (around neck)
 x - an amulet of the acrobat
Wands
 s - a wand of polymorph (3)
 u - a wand of acid (11)
 w - a wand of iceblast (9)
Scrolls
 l - 3 scrolls of immolation
 v - 2 scrolls of fog
Potions
 g - a potion of curing
 j - a potion of attraction
 m - a potion of haste
 n - a potion of heal wounds
 r - a potion of ambrosia
 z - 2 potions of invisibility


   Skills:
 + Level 6.0 Fighting
 * Level 7.3 Axes
 + Level 3.8 Throwing
 + Level 3.2 Armour
 + Level 4.3 Dodging
 + Level 3.1 Evocations


You had 8 spell levels left.
You didn't know any spells.
Your spell library contained the following spells:

 Spells                   Type           Power      Damage    Failure   Level
 Blink                    Tloc           0%         N/A       100%        2
 Static Discharge         Conj/Air       0%         N/A       100%        2
 Conjure Flame            Conj/Fire      0%         6-21      100%        3
 Ignite Poison            Fire/Tmut/Pois 0%         N/A       100%        3
 Lesser Beckoning         Tloc           0%         N/A       100%        3
 Petrify                  Tmut/Erth      0%         N/A       100%        4
 Sticky Flame             Conj/Fire      0%         2d3       100%        4
 Lightning Bolt           Conj/Air       0%         1d11      100%        5
 Manifold Assault         Tloc           0%         N/A       100%        5
 Metabolic Englaciation   Hex/Ice        0%         N/A       100%        5
 Maxwell's Capacitive Co  Air            0%         ∞         100%        8
 Statue Form              Tmut/Erth      Unusable   N/A       N/A         6
 Storm Form               Tmut/Air       Unusable   N/A       N/A         7

Dungeon Overview and Level Annotations

Branches:
Dungeon (7/15)             Temple (1/1) D:6

Altars:
Ashenzari
Cheibriados
Dithmenos
Elyvilon
Fedhas
Gozag
Hepliaklqana
Kikubaaqudgha
Makhleb
Nemelex Xobeh
Okawaru
Qazlal
Ru
Sif Muna
Trog
Uskayaw
Vehumet
Wu Jian
Yredelemnul
Zin
The Shining One

Shops:
D:2 =   D:4 [   D:6 (


Innate Abilities, Weirdness & Mutations

You thrive by killing the living.
You are immune to poison.
You have sharp fingernails.
Your flesh is cold resistant. (rC+)
You are immune to negative energy. (rN+++)
You do not regenerate when monsters are visible.
You are immune to unholy pain and torment.


Message History

An orc comes into view. It is wielding a +0 whip.
You hit the orc. You freeze the orc.
The orc is almost dead.
A centaur zombie comes into view.
The orc hits you but does no damage.
You slash the orc! You freeze the orc.
You kill the orc!
The orc warrior hits you with a +0 battleaxe!
Unknown command.
You hit the orc warrior. You freeze the orc warrior.
The orc warrior is lightly wounded.
The orc warrior hits you but does no damage.
You completely miss the orc warrior.
The orc warrior is lightly wounded.
The orc warrior closely misses you.
You hit the orc warrior but do no damage.
The orc warrior is lightly wounded.
The orc warrior hits you with a +0 battleaxe.
You slash the orc warrior! You freeze the orc warrior.
The orc warrior is moderately wounded.
The orc warrior hits you with a +0 battleaxe.
You closely miss the orc warrior.
The orc warrior is moderately wounded.
The orc warrior hits you with a +0 battleaxe!
You hit the orc warrior but do no damage.
The orc warrior is moderately wounded.
The orc warrior hits you with a +0 battleaxe! x2
The orc wizard casts a spell.
The orc wizard flickers and vanishes!
Deactivating autopickup; reactivate with Ctrl-A.
You hit the orc warrior. You freeze the orc warrior.
The orc warrior is severely wounded.
The orc warrior hits you with a +0 battleaxe!
* * * LOW HITPOINT WARNING * * *
Unknown command.
You closely miss the orc warrior.
The orc warrior is severely wounded.
The orc warrior hits you with a +0 battleaxe!!
You die...
Your body crumbles into a pile of gold.

##.....# .. ......<
#.##..... ######..#....
?.......#..?
........#{. ........#o#
........#@#.#
..........#.#######
........###.#.<...#
.........##.#.....#
########.##.#.....#
#.##.##.#######
.########..#.#........#
........##.#.#........#
#......##...#........#


You could see an orc warrior.

Vanquished Creatures
  Sigmund (D:5)
  Edmund (D:4)
  A water moccasin (D:6)
  A black bear (D:5)
  An orc warrior (D:6)
  2 necrophages
  2 centaurs
  An ogre (D:6)
  2 scorpions
  A water moccasin skeleton (D:5)
  A wyvern skeleton (D:5)
  A centaur zombie (D:6)
  2 centaur skeletons
  2 jellies
  3 orc priests
  A gnoll shaman (D:7)
  Jessica (D:3)
  3 iguanas
  An orc wizard (D:4)
  A killer bee zombie (D:7)
  A hound zombie (D:5)
  A hound skeleton (D:4)
  19 gnolls
  6 adders
  2 white imps
  6 worms
  2 dart slugs (D:1)
  14 orcs
  7 ball pythons
  5 endoplasms
  7 giant cockroaches
  7 goblins
  7 hobgoblins
  5 jackals
  4 quokkas
  5 bats
  5 frilled lizards
  5 kobolds
  7 rats
144 creatures vanquished.

Vanquished Creatures (others)
  8 plants (D:4)
8 creatures vanquished.

Grand Total: 152 creatures vanquished

Notes
Turn   | Place    | Note
-------+----------+-------------------------------------------
     0 | D:1      | Majang the Ghoul Gladiator began the quest for the Orb.
     0 | D:1      | Reached XP level 1. HP: 17/17 MP: 0/0
    91 | D:1      | Found a faded altar of an unknown god.
   172 | D:1      | Prayed at the altar of an unknown god.
   172 | D:1      | Became a worshipper of Gozag Ym Sagoz the Greedy
   231 | D:1      | Reached skill level 3 in Axes
   279 | D:1      | Reached XP level 2. HP: 22/25 MP: 1/1
   841 | D:2      | Reached XP level 3. HP: 28/30 MP: 2/2
   984 | D:2      | Reached XP level 4. HP: 33/38 MP: 3/3
   992 | D:2      | Reached skill level 4 in Axes
  1210 | D:2      | Found Piwiymol's Jewellery Shoppe.
  1537 | D:2      | Reached XP level 5. HP: 45/45 MP: 4/4
  1987 | D:2      | Bought an amulet of regeneration for 360 gold pieces
  2372 | D:3      | Noticed Jessica
  2392 | D:3      | Killed Jessica
  2449 | D:4      | Identified a scroll of acquirement
  2449 | D:4      | Acquired 977 gold pieces
  2511 | D:2      | Bought a +6 ring of strength for 702 gold pieces
  2511 | D:2      | Bought a ring of willpower for 300 gold pieces
  2572 | D:4      | Reached skill level 5 in Axes
  2772 | D:4      | Reached XP level 6. HP: 52/52 MP: 5/5
  3101 | D:4      | Found Lawym's Antique Armour Shop.
  3106 | D:4      | Bought a pair of glowing gloves for 217 gold pieces
  3177 | D:4      | Noticed Edmund
  3190 | D:4      | Killed Edmund
  3191 | D:4      | Reached skill level 1 in Armour
  3191 | D:4      | Reached XP level 7. HP: 17/60 MP: 6/6
  3412 | D:5      | Entered Level 5 of the Dungeon
  3412 | D:5      | Noticed Sigmund
  3432 | D:5      | Reached skill level 1 in Evocations
  3446 | D:5      | Killed Sigmund
  3447 | D:5      | Reached skill level 6 in Axes
  3501 | D:5      | Reached skill level 5 in Fighting
  3508 | D:5      | Reached XP level 8. HP: 43/68 MP: 7/7
  4414 | D:6      | HP: 1/69 [water moccasin (6)]
  4429 | D:6      | Reached skill level 7 in Axes
  4510 | D:6      | Found Tuttip's Weapon Emporium.
  4531 | D:6      | Reached XP level 9. HP: 61/75 MP: 8/8
  4562 | D:6      | Bought a +2 war axe of freezing for 256 gold pieces
  4953 | D:6      | Found a staircase to the Ecumenical Temple.
  4962 | Temple   | Entered the Ecumenical Temple
  5730 | D:7      | Mangled by an orc warrior

Illustrated notes

Levels and vault maps discovered:
D:1:      lightli_arrival_noodles, layout_loops_ring, basic_ecumenical_altar
D:2:      layout_rooms, serial_shops, shop_fountains, minmay_guardbox
D:3:      layout_rooms, uniq_jessica
D:4:      layout_loops_cross, serial_shops, nicolae_shop_hallway_plus,
          serial_bayou_ford_a, minmay_misc_feat_rows, uniq_edmund
D:5:      layout_basic, uniq_sigmund
D:6:      layout_basic, temple_hall, serial_shops, shop
D:7:      layout_basic, minmay_nine_imps
Temple:   mainiacjoe_temple_circle_huts

Skill      XL: |  1  2  3  4  5  6  7  8  9 |
---------------+----------------------------+-----
Axes           | 3 4 5 6 7 |  7.3
Fighting       | 3 4 5 6 |  6.0
Throwing       | 2 3 |  3.8
Armour         | 1 3 |  3.2
Dodging        | 3 4 |  4.3
Evocations     | 1 2 3 |  3.1

Action                   |  1- 3 |  4- 6 |  7- 9 || total
-------------------------+-------+-------+-------++-------
Melee: War axe           |    67 |   226 |   205 ||   498
Throw: Throwing net      |       |     7 |     1 ||     8
Evoke: Wand              |       |     1 |       ||     1
  Use: Scroll            |       |     2 |    10 ||    12
       Potion            |       |       |     2 ||     2
 Stab: Distracted        |       |     2 |     1 ||     3
       Held in net/web   |       |     1 |       ||     1
Armor: Leather armour    |    16 |       |       ||    16
       Ring mail         |     6 |    64 |       ||    70
       Chain mail        |       |    41 |    52 ||    93
       Plate armour      |       |       |    78 ||    78
Dodge: Dodged            |    50 |   158 |   120 ||   328

Table legend: (Time is in decaauts)
 A = Elapsed time spent in this place.
 B = Non-inter-level travel time spent in this place.
 C = Inter-level travel time spent in this place.
 D = Time resting spent in this place.
 E = Time spent auto-exploring this place.
 F = Levels seen in this place.
 G = Mean time per level.
                   A        B        C        D        E       F      G
               +--------+--------+--------+--------+--------+-----+--------+
         Total |   5851 |   5416 |    435 |    593 |   3306 |   8 |  731.4 |
       Dungeon |   5502 |   5087 |    415 |    593 |   2997 |   7 |  786.0 |
        Temple |    348 |    328 |     20 |      0 |    309 |   1 |  348.0 |
               +--------+--------+--------+--------+--------+-----+--------+

Top non-repeatable levels by time:
     D:2: 1156 daAuts
     D:6: 955 daAuts
     D:4: 876 daAuts
     D:5: 772 daAuts
     D:1: 759 daAuts
     D:3: 706 daAuts
  Temple: 348 daAuts
     D:7: 275 daAuts
